AoeStats
← PomPom

Arabia

513536396Analyzed
1v1 RM · 2d ago on Oct 14, 2026· 34m 52s· 2 players
Game mode
Random Map
Map size
Tiny (2 player)
Population
200
Speed
Normal
Resources
Standard
Victory
Conquest
Starting age
Dark Age
Ending age
Imperial Age
RankedLock teamsTeams togetherTeam positionsShared explorationLock speedFull tech treeHidden civsTurbo modeCheats
Victory
Defeat
🇨🇳 Burmese · China
1755
+17
vs
🇻🇳 Gurjaras · Vietnam
1767
-17
单走一张六
6:10 Loom
9:14 Feudal Age
9:17 Man-at-Arms
13:35 Arson
14:48 Horse Collar
16:11 Fletching
18:10 Wheelbarrow
23:24 Castle Age
22:13 Scale Mail Armor
22:59 Forging
22:57 Gold Mining
23:04 Town Watch
23:25 Long Swordsman
24:02 Bodkin Arrow
23:34 Elite Skirmisher
24:18 Squires
25:17 Gambesons
26:47 Chain Mail Armor
31:17 Iron Casting
31:13 Padded Archer Armor
33:15 Hand Cart
34:30 Heavy Plow
PomPom
6:44 Loom
8:43 Feudal Age
13:34 Town Watch
13:39 Double-Bit Axe
17:42 Bloodlines
18:08 Fletching
18:31 Bloodlines
21:31 Padded Archer Armor
21:40 Scale Barding Armor
26:41 Castle Age
26:59 Elite Skirmisher
26:59 Crossbowman
27:52 Bow Saw
27:09 Crossbowman
28:31 Wheelbarrow
28:05 Bodkin Arrow
30:27 Gold Mining
30:19 Horse Collar
32:29 Ballistics
Connection lost

Rejoining the realm…

Still unreachable

The connection could not be restored.

Session expired

The server has moved on; the page needs a fresh start.